[Event "Titled Tuesday Blitz July 4 Late 2023"]
[White "Nakamura, Hikaru"]
[Black "el_sporco"]
[WhiteFideId "2016192"]
[WhiteElo "3177"]
[BlackElo "2344"]
[Result "1-0"]
[Round "3"]
[TimeControl "180+2"]
[Date "2023.07.04"]
[WhiteClock "0:02:36"]
[BlackClock "0:00:00"]
[Board "41"]

1. Nf3 Nf6 2. b3 d6 3. d4 Nbd7 4. Bb2 g6 5. g3 Bg7 6. Bg2 O-O 7. O-O c6 8. c4 Qc7 9. Nc3 e5 10. dxe5 dxe5 11. Ba3 Re8 12. Bd6 Qa5 13. b4 Qa6 14. c5 e4 15. Nd4 e3 16. f3 Ne5 17. b5 cxb5 18. Ncxb5 Nc4 19. Nc7 Qc6 20. Nxc6 1-0


[Site "https://www.chess.com"]

[Event "Titled Tuesday Blitz July 4 Late 2023"]
[White "Karttunen, Mika"]
[Black "Sargsyan, Shant"]
[WhiteFideId "502081"]
[BlackFideId "13306766"]
[WhiteElo "2615"]
[BlackElo "3003"]
[Result "0-1"]
[Round "3"]
[TimeControl "180+2"]
[Date "2023.07.04"]
[WhiteClock "0:00:03"]
[BlackClock "0:00:27"]
[Board "42"]

1. c4 g6 2. d4 Nf6 3. Nc3 d6 4. e4 Bg7 5. f3 Na6 6. Be3 c6 7. Qd2 e5 8. d5 O-O 9. Nge2 Nh5 10. g4 cxd5 11. cxd5 Nf4 12. Nxf4 exf4 13. Bxf4 Nc5 14. Be2 a6 15. O-O b5 16. Kh1 b4 17. Nd1 a5 18. Ne3 Re8 19. Nc4 Ra6 20. Rac1 f5 21. gxf5 gxf5 22. Nxd6 Rxd6 23. Rxc5 Rg6 24. Bb5 fxe4 25. Bxe8 Qxe8 26. d6 Bh3 27. Rg1 exf3 28. Rxg6 hxg6 29. Rc1 Qe4 30. Qe3 Bg2+ 31. Kg1 Bd4 32. Kf2 Qxf4 33. Re1 0-1


[Site "https://www.chess.com"]

[Event "Titled Tuesday Blitz July 4 Late 2023"]
[White "Paravyan, David"]
[Black "Sun, Rick"]
[WhiteFideId "4194985"]
[BlackFideId "30909481"]
[WhiteElo "2973"]
[BlackElo "2607"]
[Result "1-0"]
[Round "3"]
[TimeControl "180+2"]
[Date "2023.07.04"]
[WhiteClock "0:00:57"]
[BlackClock "0:00:05"]
[Board "43"]

1. d4 Nf6 2. c4 g6 3. Nc3 Bg7 4. e4 d6 5. Be2 O-O 6. Nf3 e5 7. O-O Nc6 8. d5 Ne7 9. Ne1 Nd7 10. f3 f5 11. Be3 f4 12. Bf2 g5 13. a4 Rf6 14. Nb5 a6 15. Na7 Rxa7 16. Bxa7 Rh6 17. Nd3 b6 18. a5 Qe8 19. axb6 cxb6 20. b4 Ng6 21. Nf2 Nh4 22. h3 Nf6 23. Bxb6 Qh5 24. Ra3 Nxg2 25. Ng4 Qxh3 26. Nxh6+ Bxh6 27. Rf2 Nh4 28. Rh2 Qg3+ 29. Kh1 Nxe4 30. Qg1 g4 31. fxe4 Qxa3 32. Rxh4 g3 33. Rxh6 Qb2 34. Bf2 Kh8 35. Bxg3 fxg3 36. Qxg3 Qc1+ 37. Kg2 Qxh6 38. c5 Qd2 39. Qf2 Qd1 40. Qf8# 1-0


[Site "https://www.chess.com"]

[Event "Titled Tuesday Blitz July 4 Late 2023"]
[White "Xiong, Jeffery"]
[Black "Moksh Amit Doshi"]
[WhiteFideId "2047640"]
[BlackFideId "25064967"]
[WhiteElo "2937"]
[BlackElo "2573"]
[Result "1-0"]
[Round "3"]
[TimeControl "180+2"]
[Date "2023.07.04"]
[WhiteClock "0:01:08"]
[BlackClock "0:00:16"]
[Board "44"]

1. e4 e5 2. Nf3 Nc6 3. Nc3 Nf6 4. d4 exd4 5. Nxd4 Bb4 6. Nxc6 bxc6 7. Bd3 d5 8. exd5 O-O 9. O-O cxd5 10. h3 c6 11. Qf3 Bd6 12. Bf4 Rb8 13. b3 Re8 14. Rfe1 Bxf4 15. Qxf4 Be6 16. Na4 Nd7 17. c4 Qf6 18. Qxf6 Nxf6 19. cxd5 Bxd5 20. Nc5 Rxe1+ 21. Rxe1 Kf8 22. f3 Re8 23. Rc1 Ke7 24. Kf2 Kd6 25. h4 h5 26. b4 Rb8 27. a3 Nd7 28. Ne4+ Kc7 29. Nc3 Kd6 30. Kg3 Nf8 31. Ne4+ Bxe4 32. Bxe4 Rc8 33. b5 c5 34. Bd3 Ne6 35. Bc4 f6 36. a4 Nd4 37. Re1 Rc7 38. Re8 Nf5+ 39. Kf2 Nxh4 40. a5 Ng6 41. Re6+ Kd7 42. Ra6 Ne5 43. b6 axb6 44. axb6 Rb7 45. Ra7 1-0


[Site "https://www.chess.com"]

[Event "Titled Tuesday Blitz July 4 Late 2023"]
[White "Bordi, Kevin"]
[Black "ATM622"]
[WhiteFideId "621862"]
[WhiteElo "2872"]
[BlackElo "2561"]
[Result "1-0"]
[Round "3"]
[TimeControl "180+2"]
[Date "2023.07.04"]
[WhiteClock "0:00:22"]
[BlackClock "0:00:45"]
[Board "45"]

1. d4 Nf6 2. Bg5 e6 3. e4 h6 4. Bxf6 Qxf6 5. c3 d5 6. Nd2 b6 7. Bd3 Bb7 8. Ngf3 dxe4 9. Nxe4 Qd8 10. Qa4+ Qd7 11. Qc2 Nc6 12. Bb5 a6 13. Ne5 Nxe5 14. Bxd7+ Nxd7 15. O-O Be7 16. f4 O-O 17. f5 exf5 18. Rxf5 Rfe8 19. Raf1 Nf6 20. Nxf6+ Bxf6 21. d5 Rad8 22. c4 Bd4+ 23. Kh1 Re7 24. Qd2 Be3 25. Qc3 Rde8 26. h3 Bc8 27. R5f3 f6 28. Qd3 Bc5 29. Qg6 Kh8 30. Qh5 Re5 31. Qg6 R5e7 32. a3 a5 33. Rg3 Bd6 34. Rgf3 Bc5 35. Qb1 a4 36. Qc2 Bd7 37. Qc3 Re2 38. Rxf6 R8e3 39. Rf8+ Bxf8 40. Rxf8+ Kh7 41. Qd4 Re4 42. Qd3 Re3 43. Qd2 Re2 44. Qc3 R2e3 45. Qb4 Re1+ 46. Kh2 Rc1 47. Rf7 Be8 48. Re7 Rcxc4 49. Rxe4 1-0


[Site "https://www.chess.com"]

[Event "Titled Tuesday Blitz July 4 Late 2023"]
[White "Grigoriants, Sergey"]
[Black "Sreyas Payyappat"]
[WhiteFideId "4130804"]
[BlackFideId "46674969"]
[WhiteElo "2845"]
[BlackElo "2554"]
[Result "1-0"]
[Round "3"]
[TimeControl "180+2"]
[Date "2023.07.04"]
[WhiteClock "0:00:20"]
[BlackClock "0:01:21"]
[Board "46"]

1. d4 Nf6 2. c4 c5 3. d5 e6 4. Nc3 exd5 5. cxd5 d6 6. Nf3 g6 7. h3 Bg7 8. Bf4 O-O 9. e3 Re8 10. Be2 Nbd7 11. O-O Ne4 12. Nxe4 Rxe4 13. Bxd6 Qf6 14. Bg3 Qxb2 15. Nd2 Re8 16. Rb1 Qxa2 17. Bb5 Qxd5 18. Nc4 Qe6 19. Nd6 Rd8 20. Bc4 Qe7 21. Nxf7 Rf8 22. Bd6 Qe8 23. Bxf8 Qxf8 24. Nd6+ Kh8 25. Nxc8 Qxc8 26. Be6 c4 27. Qxd7 Qxd7 28. Bxd7 Rb8 29. Rfd1 a6 30. Rb6 Be5 31. Rdb1 c3 32. Ba4 Rc8 33. Bc2 a5 34. Rxb7 a4 35. Ra7 1-0


[Site "https://www.chess.com"]

[Event "Titled Tuesday Blitz July 4 Late 2023"]
[White "Ozates, Tuna"]
[Black "Pichot, Alan"]
[WhiteFideId "6354521"]
[BlackFideId "110973"]
[WhiteElo "2552"]
[BlackElo "2831"]
[Result "1-0"]
[Round "3"]
[TimeControl "180+2"]
[Date "2023.07.04"]
[WhiteClock "0:00:08"]
[BlackClock "0:00:01"]
[Board "47"]

1. e4 c5 2. Nf3 e6 3. g3 Nc6 4. Bg2 Nf6 5. d3 d5 6. Nbd2 Be7 7. O-O O-O 8. Re1 Qc7 9. c3 b5 10. h4 Bb7 11. e5 Nd7 12. d4 a5 13. h5 b4 14. Nf1 a4 15. h6 g6 16. a3 bxc3 17. bxc3 Na5 18. Bg5 Bxg5 19. Nxg5 Nb3 20. Ra2 Qb6 21. dxc5 Qxc5 22. Nh2 Qe7 23. Qg4 Rfc8 24. Bf1 Rxc3 25. Qf4 Ba6 26. Ng4 Bxf1 27. Nf6+ Nxf6 28. exf6 Qc5 29. Nxe6 fxe6 30. f7+ Kf8 31. Qf6 Qd4 32. Qxe6 Rxg3+ 33. Kxf1 Qd3+ 34. Ree2 Qd1+ 35. Re1 Qd3+ 36. Qe2 Rh3 37. Kg2 Qxe2 38. Raxe2 Rxh6 39. Re8+ Kxf7 40. Rxa8 Rh5 41. Ra7+ Kf6 42. Rxa4 Rg5+ 43. Kf1 Rf5 44. Ke2 Nc5 45. Ra5 Ne4 46. Kd3 Nxf2+ 47. Kd4 h5 48. Rxd5 Rxd5+ 49. Kxd5 Nd3 50. Rf1+ Kg5 51. a4 h4 52. a5 h3 53. Kc4 Ne5+ 54. Kd5 Nd7 55. Kc6 Ne5+ 56. Kb5 h2 57. a6 Ng4 58. a7 Ne3 59. Ra1 1-0


[Site "https://www.chess.com"]

[Event "Titled Tuesday Blitz July 4 Late 2023"]
[White "Goltsev, Dmitry"]
[Black "Poltorak, Sebastian"]
[WhiteFideId "24176710"]
[BlackFideId "1199498"]
[WhiteElo "2825"]
[BlackElo "2542"]
[Result "1-0"]
[Round "3"]
[TimeControl "180+2"]
[Date "2023.07.04"]
[WhiteClock "0:00:07"]
[BlackClock "0:00:01"]
[Board "48"]

1. e4 c5 2. Nf3 Nc6 3. d4 cxd4 4. Nxd4 Nf6 5. Nc3 e6 6. Be2 Bc5 7. Nb3 Bb4 8. O-O O-O 9. Bg5 h6 10. Bh4 g5 11. Bg3 Bxc3 12. bxc3 Nxe4 13. Bd3 Nxg3 14. hxg3 f5 15. Re1 d6 16. Nd4 Nxd4 17. cxd4 Bd7 18. c4 Rc8 19. g4 Qf6 20. gxf5 Qxd4 21. Qh5 exf5 22. Qxh6 Qf6 23. Qh5 Rce8 24. Rab1 b6 25. Qf3 Kg7 26. Qb7 Rxe1+ 27. Rxe1 Rf7 28. Qxa7 Qc3 29. Rd1 Qb2 30. Qb8 Ba4 31. Rf1 Qd4 32. Bb1 Bc6 33. Qc8 Bb7 34. Qe6 Qg4 35. f3 Qd4+ 36. Rf2 Qd1+ 37. Rf1 Qd4+ 38. Rf2 Qe5 39. Qxe5+ dxe5 40. Rb2 Rf6 41. Rb5 e4 42. fxe4 fxe4 43. Rxg5+ Kf7 44. Re5 Re6 45. Rxe6 Kxe6 46. Kf2 Ke5 47. Ke3 Bc6 48. g4 Bb7 49. g5 Ba6 50. Bxe4 Bxc4 51. a3 Bg8 52. g6 Be6 53. Bc2 Bg8 54. Kd3 Kf6 55. Kc3 Bd5 56. Kb4 Bc6 57. Bd3 Bd7 58. Kc4 Bc6 59. Kd4 Bb7 60. Be4 Ba6 61. Kc3 Bb5 62. Kb4 Bd7 63. Kc4 Be8 64. Kd5 Ba4 65. Kd6 Bd1 66. Kc6 Ke5 67. g7 Bb3 68. Bh7 b5 69. g8=Q Bxg8 70. Bxg8 b4 71. axb4 1-0


[Site "https://www.chess.com"]

[Event "Titled Tuesday Blitz July 4 Late 2023"]
[White "Perez Ponsa, Federico"]
[Black "Tikhonov, Viacheslav"]
[WhiteFideId "117927"]
[BlackFideId "44196407"]
[WhiteElo "2798"]
[BlackElo "2542"]
[Result "0-1"]
[Round "3"]
[TimeControl "180+2"]
[Date "2023.07.04"]
[WhiteClock "0:00:13"]
[BlackClock "0:00:50"]
[Board "49"]

1. d4 d5 2. Bf4 Nf6 3. e3 c5 4. c3 Nc6 5. Nd2 cxd4 6. exd4 Bf5 7. Ngf3 e6 8. Qb3 Bd6 9. Bxd6 Qxd6 10. Be2 O-O 11. O-O h6 12. Rfe1 Rfc8 13. Bf1 Nd7 14. a4 Na5 15. Qa3 Qxa3 16. Rxa3 Rc7 17. Bb5 Nb6 18. Nh4 Bh7 19. f4 Rac8 20. Raa1 Nac4 21. Nxc4 Nxc4 22. Bxc4 Rxc4 23. Nf3 R4c7 24. Kf2 Be4 25. Nd2 Bf5 26. h3 h5 27. a5 f6 28. Nb3 Kf7 29. Nc5 b6 30. axb6 axb6 31. Na6 Ra7 32. Nb4 Rca8 33. Rxa7+ Rxa7 34. Kg3 g5 35. fxg5 fxg5 36. Kf3 Be4+ 37. Kf2 h4 38. g3 Bf5 39. gxh4 gxh4 40. Kf3 Kf6 41. Rg1 Rh7 42. Nc6 Bxh3 43. Ne5 Bf5 44. Kf4 h3 45. Ng4+ Bxg4 0-1


[Site "https://www.chess.com"]

[Event "Titled Tuesday Blitz July 4 Late 2023"]
[White "Leitao, Rafael"]
[Black "ElDivis"]
[WhiteFideId "2101246"]
[WhiteElo "2782"]
[BlackElo "2532"]
[Result "1-0"]
[Round "3"]
[TimeControl "180+2"]
[Date "2023.07.04"]
[WhiteClock "0:00:05"]
[BlackClock "0:00:02"]
[Board "50"]

1. c4 Nf6 2. Nc3 g6 3. g3 Bg7 4. Bg2 O-O 5. d4 d6 6. h3 c5 7. e3 cxd4 8. exd4 Nc6 9. Nge2 Bd7 10. O-O Qc8 11. Kh2 a6 12. Be3 Rb8 13. Rc1 Qd8 14. a4 Nb4 15. Qb3 a5 16. Nb5 Bc6 17. d5 Bxb5 18. axb5 Nd7 19. Rfd1 b6 20. Nd4 Nc5 21. Qa3 e5 22. dxe6 fxe6 23. Nc6 Nxc6 24. bxc6 Qc7 25. b4 axb4 26. Qxb4 Kh8 27. Kh1 Ra8 28. Rb1 Ra6 29. Qd2 Rd8 30. Bf4 e5 31. Bg5 Raa8 32. Bxd8 Rxd8 33. Bd5 e4 34. Qe2 Rf8 35. Bxe4 Re8 36. f3 d5 37. cxd5 Qxg3 38. Qg2 Qh4 39. d6 Rxe4 40. fxe4 Nxe4 41. d7 Bf6 42. c7 Ng3+ 43. Kh2 Nf5 44. d8=Q+ Kg7 45. Qxf6+ Qxf6 46. c8=Q Qe5+ 47. Kg1 Qe3+ 48. Kh1 Ng3+ 49. Kh2 Nf5 50. Qc7+ 1-0


[Site "https://www.chess.com"]

[Event "Titled Tuesday Blitz July 4 Late 2023"]
[White "De Prado Rodriguez, Oscar Bruno"]
[Black "Weetik, Vjacheslav"]
[WhiteFideId "2203600"]
[BlackFideId "4153472"]
[WhiteElo "2488"]
[BlackElo "2741"]
[Result "1-0"]
[Round "3"]
[TimeControl "180+2"]
[Date "2023.07.04"]
[WhiteClock "0:01:04"]
[BlackClock "0:00:00"]
[Board "51"]

1. d4 Nf6 2. Bf4 g6 3. e3 Bg7 4. Nc3 O-O 5. h4 d6 6. h5 Nxh5 7. Rxh5 gxh5 8. Qxh5 Nc6 9. O-O-O e5 10. Bd3 f5 11. Bc4+ Kh8 12. Bg5 Qe8 13. Qxe8 Rxe8 14. Nb5 Rb8 15. Nxc7 Rf8 16. d5 Na5 17. Be2 b6 18. Be7 Rf7 19. Bxd6 Nb7 20. Na6 Ra8 21. Ba3 Bd7 22. Nf3 Bf6 23. Nc7 Rc8 24. d6 Nc5 25. Bc4 Rg7 26. Bxc5 bxc5 27. Nd5 e4 28. Nxf6 exf3 29. gxf3 Rd8 30. e4 Rg6 31. Nxd7 Rxd7 32. e5 1-0


[Site "https://www.chess.com"]

[Event "Titled Tuesday Blitz July 4 Late 2023"]
[White "Kostiukov, Alexandr"]
[Black "Lizak, Peter"]
[WhiteFideId "14108100"]
[BlackFideId "731595"]
[WhiteElo "2307"]
[BlackElo "2675"]
[Result "0-1"]
[Round "3"]
[TimeControl "180+2"]
[Date "2023.07.04"]
[WhiteClock "0:00:08"]
[BlackClock "0:00:44"]
[Board "52"]

1. g3 d5 2. Bg2 Nc6 3. d4 Bf5 4. Nf3 Qd7 5. Ne5 Nxe5 6. dxe5 c6 7. Nd2 Bh3 8. Bxh3 Qxh3 9. Nf3 e6 10. c4 O-O-O 11. Qa4 Bc5 12. b4 Bb6 13. c5 Bc7 14. Qxa7 Nh6 15. Bxh6 gxh6 16. Qa8+ Kd7 17. Qxb7 Rb8 18. Qa6 Rxb4 19. Qd3 Rb2 20. Qc3 Rhb8 21. a4 Rb1+ 22. Kd2 R8b2+ 23. Kd3 Qf5+ 24. Ke3 Qe4# 0-1


[Site "https://www.chess.com"]

[Event "Titled Tuesday Blitz July 4 Late 2023"]
[White "Di Berardino, Diego Rafael"]
[Black "Mangialardo, Tiago Carvalho"]
[WhiteFideId "2105446"]
[BlackFideId "2130718"]
[WhiteElo "2626"]
[BlackElo "2125"]
[Result "1-0"]
[Round "3"]
[TimeControl "180+2"]
[Date "2023.07.04"]
[WhiteClock "0:01:10"]
[BlackClock "0:00:00"]
[Board "53"]

1. d4 Nf6 2. c4 c5 3. d5 g6 4. Nc3 Bg7 5. e4 d6 6. h3 O-O 7. Nf3 e6 8. Bd3 exd5 9. exd5 Re8+ 10. Be3 Nbd7 11. O-O Ne5 12. Nxe5 Rxe5 13. Bf4 Re8 14. Qd2 a6 15. Rfe1 Rxe1+ 16. Rxe1 b6 17. Qe2 Ra7 18. Qe3 Bf8 19. Qf3 Re7 20. Rb1 Re8 21. a3 Be7 22. b4 Nh5 23. Bd2 Bf6 24. bxc5 bxc5 25. g4 Be5 26. gxh5 1-0


[Site "https://www.chess.com"]

[Event "Titled Tuesday Blitz July 4 Late 2023"]
[White "Sanchez, Robert"]
[Black "Pranav, V"]
[WhiteFideId "2034360"]
[BlackFideId "25060783"]
[WhiteElo "2204"]
[BlackElo "2987"]
[Result "0-1"]
[Round "3"]
[TimeControl "180+2"]
[Date "2023.07.04"]
[WhiteClock "0:00:08"]
[BlackClock "0:00:54"]
[Board "54"]

1. Nf3 Nf6 2. e3 d5 3. c4 c6 4. Nc3 g6 5. b3 Bg7 6. Bb2 O-O 7. Be2 Nbd7 8. O-O e6 9. d4 b6 10. cxd5 exd5 11. Rc1 Re8 12. h3 Bb7 13. a3 Rc8 14. b4 Nf8 15. Qa4 a6 16. Ne5 N6d7 17. Nxd7 Nxd7 18. Qd1 h5 19. Bf3 Nf6 20. Re1 Qd6 21. Na4 Qc7 22. Nc3 Qd8 23. e4 dxe4 24. Nxe4 Nd5 25. Qb3 Qd7 26. a4 Re7 27. a5 Rce8 28. axb6 Nxb6 29. Re3 Qd8 30. Nc5 Rxe3 31. fxe3 Ba8 32. Nxa6 Nd5 33. Bxd5 cxd5 34. Nc5 Bh6 35. Re1 Qh4 36. Re2 Bc6 37. b5 Rb8 38. bxc6 Rxb3 39. c7 Bxe3+ 40. Kh1 Rxb2 41. c8=Q+ Kh7 42. Qd7 Rb1+ 43. Kh2 Bf4+ 0-1


[Site "https://www.chess.com"]

[Event "Titled Tuesday Blitz July 4 Late 2023"]
[White "Svane, Rasmus"]
[Black "Keleberda, Tymur"]
[WhiteFideId "4657101"]
[BlackFideId "14174294"]
[WhiteElo "2934"]
[BlackElo "2490"]
[Result "1-0"]
[Round "3"]
[TimeControl "180+2"]
[Date "2023.07.04"]
[WhiteClock "0:02:09"]
[BlackClock "0:01:21"]
[Board "55"]

1. Nf3 Nf6 2. g3 e6 3. Bg2 d5 4. O-O Be7 5. c4 dxc4 6. Na3 Bxa3 7. bxa3 a6 8. a4 b5 9. d3 cxd3 10. Ne5 Nd5 11. Qxd3 c6 12. e4 Nb6 13. Qxd8+ Kxd8 14. Nxf7+ Ke7 15. Nxh8 Nxa4 16. Bg5+ Kf8 17. Rfd1 Bd7 18. Bf4 Ke8 19. Nf7 Kxf7 20. Bxb8 Rxb8 21. Rxd7+ Kf6 22. f4 c5 23. e5+ Kg6 24. Rad1 c4 25. R1d6 Kh6 26. Rxe6+ g6 27. Ree7 g5 28. Rxh7+ Kg6 29. Be4# 1-0


[Site "https://www.chess.com"]

[Event "Titled Tuesday Blitz July 4 Late 2023"]
[White "Hamitevici, Vladimir"]
[Black "Lenderman, Aleksandr"]
[WhiteFideId "13902393"]
[BlackFideId "2021285"]
[WhiteElo "2489"]
[BlackElo "2897"]
[Result "1-0"]
[Round "3"]
[TimeControl "180+2"]
[Date "2023.07.04"]
[WhiteClock "0:00:23"]
[BlackClock "0:00:05"]
[Board "56"]

1. d4 e6 2. Nf3 c5 3. e3 Nf6 4. Bd3 b6 5. c4 cxd4 6. exd4 Bb7 7. O-O Be7 8. Nc3 O-O 9. d5 Na6 10. Bf4 Bb4 11. Rc1 Bxc3 12. Rxc3 Nc5 13. Bb1 exd5 14. cxd5 Bxd5 15. Ng5 h6 16. Nh7 Nxh7 17. Qxd5 Nf6 18. Qf5 Ne6 19. Be5 Ng5 20. h4 Ngh7 21. Rg3 Kh8 22. Qxh7+ Nxh7 23. Bxg7+ Kg8 24. Bf6+ Ng5 25. Bxd8 Raxd8 26. hxg5 h5 27. g6 f5 28. Rg5 Kg7 29. Rxf5 Rxf5 30. Bxf5 Re8 31. Bd3 Re5 32. Rd1 Rd5 33. Bc2 Rc5 34. Bb3 Kxg6 35. Rxd7 Rc1+ 36. Kh2 Kg5 37. Rxa7 Rb1 38. Rg7+ Kh6 39. Rb7 Rxb2 40. Rxb6+ Kg5 41. Kg3 h4+ 42. Kf3 Rd2 43. a4 Rd3+ 44. Ke2 Rd8 45. a5 Ra8 46. a6 Ra7 47. Bd5 Kf4 48. Bb7 Ke5 49. Rh6 Kd4 50. Rxh4+ Kc5 51. Re4 Kb6 1-0


[Site "https://www.chess.com"]

[Event "Titled Tuesday Blitz July 4 Late 2023"]
[White "Erdogmus, Yagiz Kaan"]
[Black "Kovalevsky, Stanislav"]
[WhiteFideId "44599790"]
[BlackFideId "13508598"]
[WhiteElo "2876"]
[BlackElo "2489"]
[Result "1-0"]
[Round "3"]
[TimeControl "180+2"]
[Date "2023.07.04"]
[WhiteClock "0:02:41"]
[BlackClock "0:01:58"]
[Board "57"]

1. e4 c6 2. d4 d5 3. exd5 cxd5 4. Bd3 Nf6 5. c3 Nc6 6. Bf4 Bg4 7. Qb3 Na5 8. Qc2 a6 9. Nd2 Rc8 10. Ngf3 b5 11. a4 b4 12. Bxa6 Qb6 13. Bxc8 Bxc8 14. cxb4 1-0


[Site "https://www.chess.com"]

[Event "Titled Tuesday Blitz July 4 Late 2023"]
[White "Adury, Anant"]
[Black "Ibarra Jerez, Jose Carlos"]
[WhiteFideId "30964687"]
[BlackFideId "2226332"]
[WhiteElo "2488"]
[BlackElo "2867"]
[Result "0-1"]
[Round "3"]
[TimeControl "180+2"]
[Date "2023.07.04"]
[WhiteClock "0:00:04"]
[BlackClock "0:00:15"]
[Board "58"]

1. Nf3 d6 2. d4 Nf6 3. c4 g6 4. b3 Bg7 5. Bb2 O-O 6. Nc3 Bf5 7. e3 c5 8. Bd3 Bg4 9. d5 e6 10. h3 Bxf3 11. Qxf3 exd5 12. Nxd5 Nxd5 13. Bxg7 Qa5+ 14. Ke2 Kxg7 15. Qxd5 Nc6 16. Bc2 Rfe8 17. Rhd1 Nd4+ 18. Rxd4 Qc3 19. Rdd1 Qxc2+ 20. Qd2 Qe4 21. Kf1 Rad8 22. Qd5 Qe7 23. Rd2 Qf6 24. Re1 Rd7 25. Kg1 Re5 26. Qd3 Qe6 27. Red1 h5 28. Qe2 d5 29. Qf3 d4 30. exd4 Re1+ 31. Kh2 cxd4 32. Rxe1 Qxe1 33. Qe2 Qxe2 34. Rxe2 d3 35. Rd2 Kf6 36. Kg1 Ke5 37. Kf1 Kd4 38. Ke1 Kc3 39. Kd1 a5 40. f4 Re7 41. Rf2 f5 42. c5 Rc7 43. Rf3 Re7 44. Rf2 h4 45. Rd2 Re4 46. Rf2 a4 47. bxa4 Rb4 48. Kc1 Rxa4 49. Rb2 Rxf4 50. Rb3+ Kd4 51. Rxb7 Rf1+ 52. Kd2 Rf2+ 53. Kd1 Kxc5 54. Rb3 Kd4 55. Rb4+ Ke3 56. Rxh4 Rf1# 0-1


[Site "https://www.chess.com"]

[Event "Titled Tuesday Blitz July 4 Late 2023"]
[White "Toniutti, Ezio"]
[Black "Ter-Sahakyan, Samvel"]
[WhiteFideId "113034"]
[BlackFideId "13302531"]
[WhiteElo "2486"]
[BlackElo "2860"]
[Result "0-1"]
[Round "3"]
[TimeControl "180+2"]
[Date "2023.07.04"]
[WhiteClock "0:00:00"]
[BlackClock "0:00:04"]
[Board "59"]

1. d4 Nf6 2. c4 g6 3. Nc3 Bg7 4. e4 d6 5. f4 O-O 6. Nf3 Bg4 7. Be2 Bxf3 8. Bxf3 e5 9. fxe5 dxe5 10. d5 a5 11. O-O Na6 12. Bg5 h6 13. Be3 h5 14. Qe2 Nd7 15. Rad1 Nac5 16. b3 Kh7 17. Qd2 b6 18. Rf2 Nf6 19. Rdf1 Ncd7 20. Bg5 Qe8 21. h3 Kg8 22. Be2 Nh7 23. Bh4 f6 24. Nb5 Rc8 25. Na7 Ra8 26. Nc6 Nc5 27. Kh1 Nxe4 28. Qd1 Nxf2+ 29. Rxf2 Rf7 30. Qe1 f5 31. g4 hxg4 32. hxg4 g5 33. gxf5 gxh4 34. Bh5 e4 35. Rg2 Nf6 36. Bxf7+ Qxf7 37. Qxh4 Re8 38. Nd4 Qh5 39. Qxh5 Nxh5 40. Ne6 Kf7 41. Rg5 Rh8 42. Kg2 Be5 43. Rg4 Rg8 44. Rxg8 Kxg8 45. Kf2 Nf6 46. Ke3 Kf7 47. Nd4 Bxd4+ 48. Kxd4 Ke7 49. a3 Kd6 50. b4 a4 51. c5+ bxc5+ 52. bxc5+ Ke7 53. Kc4 e3 0-1


[Site "https://www.chess.com"]

[Event "Titled Tuesday Blitz July 4 Late 2023"]
[White "Yeritsyan, Hayk"]
[Black "Elsa167"]
[WhiteFideId "13307320"]
[WhiteElo "2485"]
[BlackElo "2853"]
[Result "0-1"]
[Round "3"]
[TimeControl "180+2"]
[Date "2023.07.04"]
[WhiteClock "0:00:05"]
[BlackClock "0:01:11"]
[Board "60"]

1. d4 f5 2. Nf3 Nf6 3. Bf4 d6 4. h3 g6 5. e3 Bg7 6. c3 O-O 7. Be2 Nc6 8. O-O Qe8 9. Na3 e5 10. Bh2 e4 11. Nd2 g5 12. Nb5 Qd8 13. c4 Ne7 14. Qc2 a6 15. Nc3 Ng6 16. Rac1 Be6 17. Nd5 Ne8 18. a3 c6 19. Nc3 Bd7 20. b4 a5 21. Rb1 axb4 22. axb4 Qe7 23. b5 c5 24. Nd5 Qf7 25. dxc5 dxc5 26. Nb3 f4 27. Rfe1 f3 28. Bf1 fxg2 29. Bxg2 Nh4 30. Bxe4 Bxh3 31. Bg3 Nf3+ 32. Kh1 Qh5 33. Bxh7+ Kh8 34. Bg6 Qh6 35. Ne7 Bf1+ 0-1


[Site "https://www.chess.com"]

[Event "Titled Tuesday Blitz July 4 Late 2023"]
[White "Avila Rodriguez, Joshua Ad"]
[Black "Hamidi, Amir Mohammad"]
[WhiteFideId "5126444"]
[BlackFideId "12563285"]
[WhiteElo "2485"]
[BlackElo "2791"]
[Result "0-1"]
[Round "3"]
[TimeControl "180+2"]
[Date "2023.07.04"]
[WhiteClock "0:00:01"]
[BlackClock "0:01:19"]
[Board "61"]

1. e4 c5 2. Nf3 d6 3. d4 cxd4 4. Nxd4 Nf6 5. Nc3 a6 6. Bg5 e6 7. f4 h6 8. Bh4 Qb6 9. a3 Be7 10. Bf2 Qc7 11. Qf3 Nbd7 12. O-O-O b5 13. g4 g5 14. h4 gxf4 15. Be2 Bb7 16. g5 Ne5 17. Qxf4 hxg5 18. hxg5 Rxh1 19. Rxh1 Nfd7 20. Rh8+ Nf8 21. Bh5 O-O-O 22. Kb1 Nfg6 23. Rxd8+ Bxd8 24. Qh2 Bxg5 25. Qg2 Bf6 26. Bxg6 Nxg6 27. Nxe6 Qc4 28. Ng5 Bxg5 29. Qxg5 Qf1+ 30. Ka2 Qc4+ 31. Kb1 Qf1+ 32. Ka2 Qxf2 33. Qg4+ Kc7 34. Qg5 Qf4 35. Qh5 Qe5 36. Qh7 Qe6+ 37. Kb1 Ne5 38. Qh4 Qg4 39. Qf6 Qd7 40. Qf4 Qe6 41. Qh4 Bc6 42. Qf4 Nc4 43. Qh4 Qe5 44. Qg4 Nxa3+ 45. bxa3 Qxc3 46. Qf3 Qxf3 0-1


[Site "https://www.chess.com"]

[Event "Titled Tuesday Blitz July 4 Late 2023"]
[White "Gomez Barrera, Javiera Belen"]
[Black "Tristan, Leonardo"]
[WhiteFideId "3418723"]
[BlackFideId "113816"]
[WhiteElo "2479"]
[BlackElo "2773"]
[Result "0-1"]
[Round "3"]
[TimeControl "180+2"]
[Date "2023.07.04"]
[WhiteClock "0:00:07"]
[BlackClock "0:00:06"]
[Board "62"]

1. e4 d5 2. exd5 Qxd5 3. Nc3 Qa5 4. d4 Nf6 5. Bd2 Bg4 6. Be2 Bxe2 7. Qxe2 e6 8. Ne4 Qb6 9. Nxf6+ gxf6 10. Bc3 Bb4 11. Bxb4 Qxb4+ 12. c3 Qa5 13. Rd1 Qxa2 14. Qb5+ Nd7 15. Qxb7 Ke7 16. Qb4+ Kd8 17. d5 Rb8 18. Qe4 Rxb2 19. d6 cxd6 20. Rxd6 Rb1+ 21. Rd1 Rxd1+ 22. Kxd1 Qa1+ 23. Kc2 Qa2+ 24. Kc1 Qxf2 25. Ne2 Qc5 26. Rd1 Ke7 27. Nf4 Rc8 28. Ne2 Ne5 29. Rd4 Qc6 30. Qxc6 Rxc6 31. Ra4 Rc7 32. Kd2 Nc4+ 33. Ke1 Nb6 34. Rh4 Nd5 35. Kd2 Rd7 36. Rxh7 Nf4+ 37. Ke3 Nd5+ 38. Kf2 Rc7 39. Rh3 Rc4 40. Rd3 a5 41. Rd4 Rc5 42. Ra4 f5 43. h4 Nb6 44. Ra3 a4 45. h5 Kf6 46. Ke3 Kg5 47. Kd4 Rc4+ 48. Kd3 Kxh5 49. Nd4 Kg5 50. Ra1 e5 51. Rb1 e4+ 52. Kd2 Nd5 53. Rb5 Nxc3 54. Rxf5+ Kg4 55. Rxf7 Rxd4+ 56. Kxc3 Rd3+ 57. Kb4 Rd2 58. Re7 Kf4 59. Rf7+ Ke3 60. g4 Rg2 61. Rg7 Kf3 62. Kxa4 Rxg4 63. Rf7+ Rf4 64. Re7 e3+ 65. Kb3 Re4 66. Rf7+ Kg2 67. Rg7+ Kf2 68. Rf7+ Kg3 69. Rg7+ Kf4 70. Rf7+ Kg4 71. Rg7+ Kf3 72. Rf7+ Ke2 73. Kc2 Rc4+ 74. Kb3 Rc6 75. Rh7 Kd2 76. Rd7+ Ke1 77. Rh7 e2 78. Rh6 Rxh6 0-1


[Site "https://www.chess.com"]

[Event "Titled Tuesday Blitz July 4 Late 2023"]
[White "Gorovets, Andrey"]
[Black "Erzhanov, Arman"]
[WhiteFideId "13504037"]
[BlackFideId "4138821"]
[WhiteElo "2759"]
[BlackElo "2474"]
[Result "0-1"]
[Round "3"]
[TimeControl "180+2"]
[Date "2023.07.04"]
[WhiteClock "0:00:31"]
[BlackClock "0:01:16"]
[Board "63"]

1. d4 d6 2. Nf3 g6 3. c4 Bg7 4. Nc3 e5 5. e4 Bg4 6. d5 Nd7 7. Be2 h5 8. O-O Bxf3 9. Bxf3 Bh6 10. b4 a5 11. Bxh6 Nxh6 12. a3 O-O 13. Qd2 Kg7 14. g3 b6 15. Bg2 f5 16. exf5 Nxf5 17. Ne4 Nd4 18. Ng5 Qf6 19. Ne6+ Nxe6 20. dxe6 Qxe6 21. Bxa8 Rxa8 22. Qd5 Qxd5 23. cxd5 Nf6 24. Rad1 axb4 25. axb4 Ra4 26. b5 Ra5 27. Rd3 Rxb5 28. Rfd1 Kf7 29. f3 Ke7 30. Kg2 Kd7 31. h4 Rc5 32. Kh3 Rc4 33. Rg1 b5 34. g4 hxg4+ 35. fxg4 b4 36. Rf1 Ke7 37. Rdf3 Nxd5 38. Rf7+ Ke6 39. Rg7 Nf4+ 40. Kg3 Rc3+ 41. Rf3 Rxf3+ 42. Kxf3 c5 43. Rb7 Kd5 44. h5 gxh5 45. g5 h4 46. Kg4 h3 47. Kf5 h2 48. Rh7 c4 49. g6 Nxg6 50. Kxg6 c3 51. Rxh2 b3 0-1


[Site "https://www.chess.com"]